 Dungeon Crawl Stone Soup version 0.28.0-53-g5a82cb258f (webtiles) character file.

Game seed: 5317016383089844348

23 SanguineChosen the Skirmisher (level 2, -2/26 HPs)
             Began as a Palentonga Abyssal Knight on June 16, 2022.
             Was an Initiate of Lugonu.
             Slain by Terence
             ... wielding a +0 hand axe
              (3 damage)
             ... on level 2 of the Dungeon.
             The game lasted 00:05:45 (1271 turns).

SanguineChosen the Skirmisher (PaAK)                Turns: 1271, Time: 00:05:45

Health: -2/26      AC:  7    Str: 16    XL:     2   Next: 75%
Magic:  3/3        EV:  4    Int: 10    God:    Lugonu [......]
Gold:   52         SH:  0    Dex: 10    Spells: 1/1 levels left

rFire   . . .      SeeInvis +   a - +1 falchion
rCold   . . .      Faith    .   (no shield)
rNeg    . . .      Spirit   .   f - +0 chain mail
rPois   .          Reflect  .   (no helmet)
rElec   .          Harm     .   (no cloak)
rCorr   .          Rampage  .   (no gloves)
Will    .....                   (no barding)
Stlth   ..........              (no amulet)
HPRegen 0.08/turn               (no ring)
MPRegen 0.08/turn               (no ring)

@: no status effects
A: large, rugged brown scales 3, see invisible, deformed body, roll 1, armoured
tail
a: Rolling Charge, Renounce Religion


You were on level 2 of the Dungeon.
You worshipped Lugonu.
Lugonu was noncommittal.
You visited 1 branch of the dungeon, and saw 2 of its levels.
You visited the Abyss 1 time.

You collected 52 gold pieces.

Inventory:

Hand Weapons
 a - a +1 falchion (weapon)
Armour
 b - a +0 leather armour
 f - a +0 chain mail (worn)
Scrolls
 d - 6 scrolls of identify {unknown}
 g - a scroll of noise {unknown}
 h - a scroll of summoning {unknown}
 i - a scroll of fear {unknown}
Potions
 c - 2 potions of brilliance {unknown}
 e - a potion of cancellation {unknown}


   Skills:
 + Level 3.9 Fighting
 + Level 2.1 Long Blades
 + Level 1.7 Armour
 + Level 0.7 Dodging
 + Level 2.0 Invocations


You had one spell level left.
You didn't know any spells.
Your spell library was empty.

Dungeon Overview and Level Annotations

Branches:
Dungeon (2/15)

Altars:

Annotations:
D:2 Terence


Innate Abilities, Weirdness & Mutations

You are completely covered in rugged brown scales. (AC +3, +7% HP)
You have supernaturally acute eyesight. (SInv)
Armour fits poorly on your strangely shaped body.
You can roll at nearby foes to attack.
You have a long armoured tail.


Message History

The giant cockroach barely misses you.
You hear a zap.
You hear a grinding noise.
The giant cockroach barely misses you.
You hit the giant cockroach but do no damage.
Your tail-slap misses the giant cockroach.
The giant cockroach barely misses you.
You barely miss the giant cockroach.
The giant cockroach bites you but does no damage.
The giant cockroach bites you.
You hit the giant cockroach.
The giant cockroach is severely wounded.
The giant cockroach bites you but does no damage.
Terence the Incautious comes into view.
He is wielding a +0 hand axe.
You barely miss the giant cockroach.
The giant cockroach is severely wounded.
The giant cockroach bites you but does no damage. x2
You hit the giant cockroach.
You kill the giant cockroach!
Lugonu accepts your kill. The kobold hits you with a +0 whip.
The kobold barely misses you.
Found 11 gold pieces.
The kobold hits you with a +0 whip.
You hit Terence but do no damage. The kobold hits you but does no damage.
Terence hits you with a +0 hand axe.
You barely miss Terence. The kobold barely misses you.
Terence hits you but does no damage. The kobold hits you with a +0 whip.
You hit Terence but do no damage. Terence hits you but does no damage.
The kobold hits you but does no damage.
You hit Terence.
Terence is moderately wounded.
Terence hits you with a +0 hand axe. The kobold hits you with a +0 whip.
* * * LOW HITPOINT WARNING * * *
You closely miss the kobold. Terence hits you but does no damage.
The kobold hits you with a +0 whip.
* * * LOW HITPOINT WARNING * * *
Terence hits you but does no damage.
You barely miss the kobold. The kobold hits you with a +0 whip.
* * * LOW HITPOINT WARNING * * *
Terence hits you with a +0 hand axe.
You die...

#.#######.# .#
###'#### ...
#......#
#.##......#
.#..#......##ā™£ā‰ˆ
.............Pā‰ˆ
....#......##.. .
+.@K...<.).
#..@...####
..$............
#####......####
.........#
#.........#
#.........#
#.........#
#.........#


You could see Terence and a kobold.

Vanquished Creatures
  A dart slug (D:1)
  3 endoplasms (D:1)
  3 giant cockroaches
  3 goblins (D:1)
  3 hobgoblins
  A quokka (D:1)
  2 ball pythons (D:1)
  A frilled lizard (D:1)
  A rat (D:1)
18 creatures vanquished.

Notes
Turn   | Place    | Note
-------+----------+-------------------------------------------
     0 | Abyss:1  | SanguineChosen the Palentonga Abyssal Knight began the
                  | quest for the Orb.
     0 | Abyss:1  | Reached XP level 1. HP: 19/19 MP: 2/2
     0 | D:1      | Escaped the Abyss
    86 | D:1      | Reached XP level 2. HP: 5/25 MP: 3/3
  1260 | D:2      | Noticed Terence
  1271 | D:2      | HP: 1/26 [kobold/+0 whip (2)]
  1271 | D:2      | Slain by Terence

Illustrated notes

Levels and vault maps discovered:
D:1:      lightli_arrival_farm, layout_loops_corners, minmay_pentomino_s4
D:2:      layout_basic, serial_bayou, serial_bayou_pond_e, serial_bayou_pond_d,
          serial_bayou_lagoon_a, serial_bayou_pond_d, uniq_terence, uniq_natasha

Action                   || total
-------------------------++-------
Melee: Falchion          ||    59
       Tailslap          ||     5
Invok: Depart the Abyss  ||     1
 Abil: Rolling Charge    ||    11
Armor: Leather armour    ||     8
       Chain mail        ||    24
Dodge: Dodged            ||    24
